 Dungeon Crawl Stone Soup version 0.17-a0-119-g2b06fc5 (webtiles) character file.

303 trsk the Digger (level 6, -1/49 HPs)
             Began as a Deep Dwarf Earth Elementalist on Mar 21, 2015.
             Slain by Ngotmuk's ghost (2 damage)
             ... on level 3 of the Dungeon.
             The game lasted 00:29:11 (2631 turns).

trsk the Digger (Deep Dwarf Earth Elementalist)     Turns: 2631, Time: 00:29:12

Health: -1/49      AC:  3    Str: 12    XL:     6   Next: 15%
Magic:  2/13       EV: 12    Int: 17    God:
Gold:   124        SH:  0    Dex: 13    Spells: 3 memorised, 6 levels left

rFire  . . .     SeeInvis .     (no weapon)
rCold  . . .     Clarity  .     c - +1 robe
rNeg   . . .     SustAb   .     (no shield)
rPois  .         Gourm    .     (no helmet)
rElec  .         Spirit   .     (no cloak)
rCorr  .         Warding  .     (no gloves)
rMut   .         Stasis   .     (no boots)
MR     .....                    (no amulet)
Stlth  ++........               (no ring)
                                (no ring)

@: very slightly contaminated, non-regenerating, invisible (expiring), not
resistant to hostile enchantments, unstealthy
A: damage resistance, recharge devices, sense surroundings 1, slow healing 3
a: Device Recharging


You were on level 3 of the Dungeon.
You were hungry.

You visited 1 branch of the dungeon, and saw 3 of its levels.

You collected 124 gold pieces.

Inventory:

Missiles
 b - 18 stones (quivered)
Armour
 c - a +1 robe (worn)
Magical devices
 a - a wand of heal wounds (9)
Scrolls
 j - 2 scrolls of identify
 t - a scroll of remove curse
Potions
 e - a potion of restore abilities
 k - a potion of heal wounds
Books
 d - a book of Geomancy

   Spells                             Type                      Level
   a - Sandblast                      Earth                        1
   b - Stoneskin                      Transmutation/Earth          2
   c - Passwall                       Transmutation/Earth          3
   d - Stone Arrow                    Conjuration/Earth            3
   e - Petrify                        Transmutation/Earth          4
   f - Lee's Rapid Deconstruction     Earth                        5
Comestibles
 f - a bread ration
 g - a chunk of flesh
 i - 2 beef jerkies
 l - 2 meat rations


   Skills:
 - Level 0.1 Fighting
 - Level 0.1 Throwing
 - Level 2.3 Dodging
 - Level 2.4 Stealth
 + Level 3.8 Spellcasting
 - Level 0.8 Transmutations
 + Level 7.2 Earth Magic


You had 6 spell levels left.
You knew the following spells:

 Your Spells              Type           Power        Failure   Level  Hunger
a - Sandblast             Erth           ####..       1%          1    None
b - Stone Arrow           Conj/Erth      ###...       12%         3    ###....
c - Stoneskin             Trmt/Erth      ###.....     6%          2    ##.....


Dungeon Overview and Level Annotations

Branches:
Dungeon (3/15)

Altars:
Elyvilon
Okawaru

Annotations:
D:3 Ngotmuk's ghost, average DDFi


Innate Abilities, Weirdness & Mutations

You are resistant to damage.
You can recharge devices by infusing magical energy.
You passively map a small area around you.
You do not heal naturally.


Message History

* * * LOW HITPOINT WARNING * * *
You are very lightly contaminated with residual magic.
The orc throws a stone.
The stone closely misses Ngotmuk's ghost.
You are feeling hungry.
The orc throws a stone.
The stone misses you. Ngotmuk's ghost hits you.
* * * LOW HITPOINT WARNING * * *
The orc throws a stone.
The orc throws a stone.
The stone barely misses Ngotmuk's ghost.
A giant mite comes into view.
The orc throws a stone.
The stone hits you.
* * * LOW HITPOINT WARNING * * *
You see here 4 stones.
You found a shadow trap!
Found a potion of restore abilities.
You flicker for a moment.
Ngotmuk's ghost hits you!
* * * LOW HITPOINT WARNING * * *
You die...

#........##.##.###.............##
#...........##...................
.........##.##.###.............##
.....(...##.##.# ######...#######
.......((......## #...# #
##########.o....# #...# # ####
####...(..# #...# ...#
#....###..#######...# ##.#
#.##...#.W@....###.##
#.####.#....#.^.....# #.########
#.#....)._..........# #.##......
#.....#....#.##..<......#.......
####..#...##.##..s..#####).###..
#..###....##.................
#......#####...!.# .....###..
#......# ####.### ##.).....
######.###.#,. * ##......


You could see Ngotmuk's ghost, a giant mite (sleeping) and an orc.

Vanquished Creatures
  Grinder (D:3)
  5 adders
  A worm (D:2)
  A giant gecko (D:1)
  3 orcs (D:3)
  A ball python (D:2)
  4 bats
  4 giant cockroaches
  5 goblins
  10 hobgoblins
  A quokka (D:3)
  2 giant newts (D:1)
  6 kobolds
  8 rats
52 creatures vanquished.

Notes
Turn   | Place    | Note
--------------------------------------------------------------
     0 | D:1      | trsk, the Deep Dwarf Earth Elementalist, began the quest for the Orb.
     0 | D:1      | Reached XP level 1. HP: 15/15 MP: 2/2
   214 | D:1      | Reached XP level 2. HP: 19/22 MP: 1/3
   711 | D:1      | Reached XP level 3. HP: 28/28 MP: 0/6
   996 | D:2      | Reached skill level 5 in Earth Magic
  1697 | D:3      | Learned a level 3 spell: Stone Arrow
  1700 | D:3      | Learned a level 2 spell: Stoneskin
  1782 | D:3      | Found an iron altar of Okawaru.
  1788 | D:3      | Reached XP level 4. HP: 25/36 MP: 0/8
  1875 | D:3      | Noticed Grinder
  2080 | D:3      | Killed Grinder
  2080 | D:3      | Reached skill level 7 in Earth Magic
  2080 | D:3      | Reached XP level 5. HP: 42/42 MP: 1/11
  2080 | D:3      | Reached XP level 6. HP: 49/49 MP: 1/13
  2370 | D:3      | Found a white marble altar of Elyvilon.
  2585 | D:3      | Noticed Ngotmuk's ghost (average DDFi)
  2631 | D:3      | HP: 1/49 [Ngotmuk's ghost (5)]
  2631 | D:3      | Slain by Ngotmuk's ghost

Action                   |  1- 3 |  4- 6 || total
-------------------------+-------+-------++-------
Melee: Unarmed           |    26 |     8 ||    34
Throw: Stone             |    60 |     5 ||    65
 Cast: Sandblast         |    61 |    22 ||    83
       Stone Arrow       |     2 |    15 ||    17
       Stoneskin         |     1 |     2 ||     3
Evoke: Wand              |     1 |     1 ||     2
  Use: Scroll            |     1 |     6 ||     7
       Potion            |       |     7 ||     7
  Eat: Chunk             |     3 |     5 ||     8
